AoeStats
← Clueless Clown

QS Arena

503147853Analyzed
4v4 RM · 1mo ago on Aug 30, 2026· 44m 23s· 8 players
Game mode
Random Map
Map size
Large (8 player)
Population
200
Speed
Normal
Resources
Standard
Victory
Conquest
Starting age
Dark Age
Ending age
Imperial Age
RankedLock teamsTeams togetherTeam positionsShared explorationLock speedFull tech treeHidden civsTurbo modeCheats
Victory
Defeat
🇨🇳 Mongols · China
1093
+14
🇨🇳 Tatars · China
1068
+15
🇵🇪 Burgundians · Peru
1032
+17
🇨🇳 Sicilians · China
1003
+18
🇺🇸 Burgundians · United States
1075
-17
🇺🇸 Celts · United States
1047
-16
🇺🇸 Mongols · United States
1040
-16
🇪🇸 Portuguese · Spain
1038
-15
Yocko4
0:28 Loom
8:55 Feudal Age
13:10 Castle Age
11:44 Double-Bit Axe
11:42 Horse Collar
14:40 Loom
16:04 Wheelbarrow
18:59 Fletching
20:40 Hand Cart
22:59 Bodkin Arrow
24:13 Ballistics
25:19 Town Watch
26:23 Pikeman
29:52 Imperial Age
28:30 Forging
28:21 Scale Mail Armor
29:20 Bow Saw
30:10 Heavy Plow
30:03 Gold Mining
30:36 Chain Mail Armor
30:23 Capped Ram
31:46 Furor Celtica
31:46 Siege Ram
35:09 Iron Casting
35:05 Plate Mail Armor
37:04 Blast Furnace
38:09 Heavy Scorpion
40:27 Halberdier
Clueless Clown
4:54 Double-Bit Axe
4:54 Horse Collar
8:16 Feudal Age
13:11 Castle Age
11:54 Bow Saw
12:14 Heavy Plow
15:47 Fervor
15:39 Loom
16:31 Wheelbarrow
18:10 Hand Cart
20:19 Gold Mining
20:19 Stone Mining
21:32 Two-Man Saw
21:06 Crop Rotation
22:24 Gold Shaft Mining
22:24 Stone Shaft Mining
25:06 Scale Barding Armor
28:13 Imperial Age
25:23 Cavalier
26:05 Husbandry
27:12 Chain Barding Armor
27:02 Forging
28:08 Burgundian Vineyards
28:59 Iron Casting
28:45 Paladin
30:57 Plate Barding Armor
30:09 Sappers
31:02 Conscription
30:59 Town Watch
31:37 Treadmill Crane
32:19 Ballistics
31:56 Murder Holes
33:03 Chemistry
32:16 Masonry
32:16 Fortified Wall
35:52 Blast Furnace
36:38 Fletching
37:07 Bodkin Arrow
38:37 Town Patrol
39:43 Bracer
40:17 Caravan
40:29 Guilds
TheDrunkenKoala
1:09 Loom
7:43 Feudal Age
8:04 Horse Collar
8:13 Double-Bit Axe
15:46 Castle Age
15:36 Wheelbarrow
17:21 Husbandry
17:31 Bloodlines
18:00 Bow Saw
20:31 Heavy Plow
22:57 Forging
22:53 Scale Barding Armor
24:27 Hand Cart
25:37 Gold Mining
26:42 Elite Skirmisher
27:28 Thumb Ring
31:33 Imperial Age
30:21 Fletching
30:31 Padded Archer Armor
32:00 Heavy Camel Rider
34:00 Bodkin Arrow
34:20 Leather Archer Armor
34:06 Scale Mail Armor
34:41 Iron Casting
34:11 Squires
34:25 Light Cavalry
35:16 Capped Ram
38:44 Ballistics
John Kalztan
9:07 Feudal Age
13:05 Castle Age
12:02 Loom
12:17 Double-Bit Axe
12:15 Horse Collar
14:02 Bow Saw
15:36 Town Watch
16:12 Gold Mining
20:29 Wheelbarrow
19:57 Town Patrol
29:10 Hand Cart
32:12 Stone Mining
38:13 Imperial Age
38:23 Imperial Age
38:55 Stone Shaft Mining
39:48 Elite Organ Gun
40:52 Conscription
barbeytus
8:41 Feudal Age
13:37 Castle Age
11:39 Double-Bit Axe
13:36 Bow Saw
13:09 Horse Collar
20:06 Town Watch
22:10 Wheelbarrow
24:01 Burgundian Vineyards
25:18 Heavy Plow
28:31 Gold Mining
28:34 Stone Mining
29:23 Forging
29:18 Scale Barding Armor
29:59 Gold Shaft Mining
30:00 Stone Shaft Mining
30:26 Two-Man Saw
30:00 Hand Cart
29:47 Town Patrol
30:27 Crop Rotation
30:44 Murder Holes
33:24 Imperial Age
30:52 Pikeman
31:34 Squires
32:22 Iron Casting
31:48 Scale Mail Armor
32:02 Treadmill Crane
33:47 Halberdier
35:31 Blast Furnace
34:48 Chain Mail Armor
34:08 Man-at-Arms
35:54 Long Swordsman
36:38 Two-Handed Swordsman
37:43 Champion
38:12 Arson
37:51 Champion
39:48 Plate Mail Armor
40:28 Two-Man Saw
zhenyy
8:52 Feudal Age
9:32 Double-Bit Axe
12:35 Castle Age
10:30 Horse Collar
14:20 Bow Saw
20:20 Wheelbarrow
20:26 Loom
20:51 Gold Mining
23:11 Hand Cart
23:20 Stone Mining
24:06 Gold Shaft Mining
24:00 Heavy Plow
25:13 Husbandry
25:24 Bloodlines
27:14 Forging
27:09 Scale Barding Armor
31:22 Imperial Age
30:11 Iron Casting
29:56 Chain Barding Armor
29:46 Silk Armor
30:08 Chain Barding Armor
30:22 Fletching
30:32 Padded Archer Armor
31:17 Caravan
31:23 Elite Steppe Lancer
33:09 Blast Furnace
32:44 Plate Barding Armor
41:56 Siege Engineers
42:53 Chemistry
42:43 Bodkin Arrow
43:03 Leather Archer Armor
44:59 Timurid Siegecraft
45:11 Conscription
所以狼
9:31 Feudal Age
13:21 Castle Age
12:58 Double-Bit Axe
13:17 Scale Mail Armor
26:57 Pikeman
32:27 Fletching
33:38 Bodkin Arrow
36:02 Wheelbarrow
35:12 Loom
35:13 Town Watch
35:54 Horse Collar
38:25 Ballistics
38:24 Bow Saw
38:23 Heavy Plow
43:06 Imperial Age
40:38 Gold Mining
40:39 Stone Mining
42:53 Gold Shaft Mining
42:54 Stone Shaft Mining
hawki2518
8:57 Feudal Age
9:43 Double-Bit Axe
12:08 Loom
15:03 Castle Age
23:38 Gold Mining
24:01 Bow Saw
24:26 Horse Collar
24:41 Stone Mining
25:29 Gold Shaft Mining
26:10 Wheelbarrow
30:08 Imperial Age
27:53 Fletching
28:04 Padded Archer Armor
29:12 Hand Cart
28:43 Town Watch
29:33 Ballistics
29:11 Murder Holes
29:14 Bodkin Arrow
29:35 Leather Archer Armor
30:17 Heavy Plow
31:19 Conscription
31:54 Stone Shaft Mining
31:03 Elite Mangudai
33:05 Chemistry
32:13 Thumb Ring
32:31 Bloodlines
32:21 Husbandry
34:52 Husbandry
34:13 Light Cavalry
36:40 Masonry
36:36 Siege Engineers
36:33 Bracer
36:49 Leather Archer Armor
36:44 Forging
36:40 Scale Barding Armor
37:04 Hussar
38:49 Fortified Wall
39:08 Parthian Tactics
40:38 Herbal Medicine
41:49 Hoardings
41:37 Drill
41:20 Nomads
44:40 Iron Casting
44:26 Chain Barding Armor
Connection lost

Rejoining the realm…

Still unreachable

The connection could not be restored.

Session expired

The server has moved on; the page needs a fresh start.